 Dungeon Crawl Stone Soup version 0.24-a0-235-g3f03afc (webtiles) character file.

Game seed: 4206547623281081992

2359 Hylith the Reanimator (level 9, 0/65 HPs)
             Began as a Gnoll Necromancer on Apr 6, 2019.
             Was a Believer of Okawaru.
             Slain by a hog (6 damage)
             ... on level 7 of the Dungeon.
             The game lasted 00:21:48 (5230 turns).

Hylith the Reanimator (Gnoll Necromancer)           Turns: 5230, Time: 00:21:49

Health: 0/65       AC:  4    Str: 11    XL:     9   Next: 44%
Magic:  4/18       EV: 17    Int: 20    God:    Okawaru [**....]
Gold:   362        SH:  6    Dex: 19    Spells: 14/21 levels left

rFire    . . .     SeeInvis .   i - +2 whip (vamp)
rCold    + . .     Gourm    .   w - +0 buckler
rNeg     . . .     Faith    .   r - +0 robe {rC+}
rPois    .         Spirit   .   a - +1 hat
rElec    .         Reflect  .   B - +0 cloak
rCorr    .         Harm     .   (no gloves)
MR       .....                  (no boots)
Stlth    +++.......             (no amulet)
HPRegen  0.20/turn              m - +3 ring of dexterity
MPRegen  0.16/turn              (no ring)

@: no status effects
A: distributed training, fangs 1, strong nose
a: Heroism, Renounce Religion


You were on level 7 of the Dungeon.
You worshipped Okawaru.
Okawaru was pleased with you.
You were not hungry.

You visited 2 branches of the dungeon, and saw 8 of its levels.

You collected 362 gold pieces.

Inventory:

Hand Weapons
 b - a +0 hunting sling
 g - a +0 short sword
 i - a +2 vampiric whip (weapon)
 y - a cursed +0 flail
Missiles
 e - 7 tomahawks (quivered)
 f - 258 stones
 J - 21 sling bullets
Armour
 a - a +1 hat (worn)
 r - a +0 robe of cold resistance (worn)
 w - a +0 buckler (worn)
 B - a +0 cloak (worn)
Jewellery
 m - a +3 ring of dexterity (left hand)
 x - an uncursed ring of teleportation
 H - a +2 amulet of reflection
Wands
 h - a wand of paralysis (9)
 C - a wand of digging (11)
 F - a wand of enslavement (3)
 K - a wand of flame (9)
Scrolls
 c - a scroll of fear
 l - 2 scrolls of identify
 o - a scroll of magic mapping {unknown}
 p - a scroll of random uselessness {unknown}
 q - 4 scrolls of blinking
 z - 2 scrolls of remove curse
 E - a scroll of enchant weapon
 I - a scroll of enchant armour {unknown}
 L - 2 scrolls of amnesia {unknown}
Potions
 d - a potion of magic {unknown}
 j - 2 potions of haste {unknown}
 k - a potion of heal wounds {unknown}
 s - a potion of degeneration {unknown}
 t - a potion of mutation {unknown}
 u - a potion of berserk rage {unknown}
 v - 7 potions of curing
 A - a potion of agility {unknown}
 D - a potion of brilliance {unknown}
Comestibles
 n - 11 rations


   Skills:
 + Level 4.1 Fighting
 + Level 4.1 Short Blades
 + Level 4.1 Long Blades
 + Level 4.1 Axes
 + Level 4.1 Maces & Flails
 + Level 4.1 Polearms
 + Level 4.1 Staves
 + Level 4.1 Slings
 + Level 4.1 Bows
 + Level 4.1 Crossbows
 + Level 4.1 Throwing
 + Level 4.1 Armour
 + Level 6.2 Dodging
 + Level 6.0 Stealth
 + Level 4.1 Shields
 + Level 4.1 Unarmed Combat
 + Level 6.6 Spellcasting
 + Level 3.4 Conjurations
 + Level 3.4 Hexes
 + Level 3.4 Charms
 + Level 3.4 Summonings
 + Level 8.0 Necromancy
 + Level 3.4 Translocations
 + Level 3.4 Transmutations
 + Level 3.4 Fire Magic
 + Level 3.4 Ice Magic
 + Level 3.4 Air Magic
 + Level 3.4 Earth Magic
 + Level 3.4 Poison Magic
 + Level 4.6 Invocations
 + Level 4.1 Evocations


You had 14 spell levels left.
You knew the following spells:

 Your Spells              Type           Power        Failure   Level  Hunger
a - Pain                  Necr           ####         1%          1    None
b - Regeneration          Chrm/Necr      ####......   2%          3    #......
c - Vampiric Draining     Necr           #####.....   1%          3    #......

Your spell library contained the following spells:

 Spells                   Type           Power        Failure   Level  Hunger
 Animate Skeleton         Necr           N/A          1%          1    None
 Freeze                   Ice            ###.         2%          1    None
 Throw Frost              Conj/Ice       ###...       3%          2    None
 Animate Dead             Necr           N/A          3%          4    ###....
 Ozocubu's Armour         Chrm/Ice       ###.....     7%          3    #......
 Summon Ice Beast         Ice/Summ       ###.....     24%         4    ###....
 Throw Icicle             Conj/Ice       ###.....     24%         4    ###....


Dungeon Overview and Level Annotations

Branches:
Dungeon (7/15)             Temple (1/1) D:4

Altars:
Ashenzari
Cheibriados
Dithmenos
Elyvilon
Fedhas
Gozag
Hepliaklqana
Kikubaaqudgha
Makhleb
Nemelex Xobeh
Okawaru
Qazlal
Ru
Sif Muna
Trog
Uskayaw
Vehumet
Wu Jian
Xom
Yredelemnul
Zin
The Shining One

Annotations:
D:6 1 runed translucent door, Ratty's ghost, novice MiMo


Innate Abilities, Weirdness & Mutations

Your experience applies equally to all skills.
You have very sharp teeth.
Your uncanny sense of smell can sniff out nearby items.


Message History

You hit the hog.
The hog is almost dead.
The hog barely misses you.
You hit the hog.
You feel better.
The hog is almost dead.
The hog bites you!
* * * LOW HITPOINT WARNING * * *
The hog barely misses you.
You hit the hog.
You feel better.
You kill the hog!
Okawaru accepts your kill.
Your Stealth skill increases to level 6!
Your Necromancy skill increases to level 8!
An ogre comes into view. It is wielding a +0 giant club.
The hog bites you!
* * * LOW HITPOINT WARNING * * *
The hog barely misses you. You block the hog's attack. The hog bites you.
You die...

......# #.#.# ##
#<####### ####.##
#.#.######.#..#%%#
#.#
#.#........#..#.%#
#.#
#.#..##.####..'..#
#.# #.#..##.#
#..#..### #.#
#.......####..#).#.##
#.#
###........#####h##.#
#[# ##.#######
#.....# ^.# #@#
##..#.# #h#
#######.#.#
#h######...†[....#
#.h..hO...####.###
##..#####.......#
#.......>...#####
##..####....# ##.#
#....# #.# #....#


You could see 3 hogs.

Vanquished Creatures
  Joseph (D:7)
  A hog (D:7)
  A human (D:7)
  Edmund (D:3)
  A sky beast (D:5)
  A phantom (D:6)
  3 eyes of draining (D:3)
  An ogre (D:6)
  2 bullfrogs (D:6)
  A scorpion (D:5)
  A bullfrog zombie (D:5)
  A crimson imp (D:5)
  Crazy Yiuf (D:4)
  3 hounds (D:6)
  3 orc wizards
  4 bullfrog skeletons
  3 orc priests
  Ijyb (D:5)
  2 worker ants
  A hound zombie (D:7)
  A worker ant zombie (D:5)
  Robin (D:4)
  19 adders
  3 gnolls (D:5)
  A shadow imp (D:5)
  3 oozes
  An adder skeleton (D:6)
  5 worms
  5 leopard geckos
  13 orcs
  A giant cockroach (D:3)
  16 goblins
  6 hobgoblins
  6 jackals
  8 kobolds
  2 quokkas (D:2)
  7 ball pythons
  6 bats
  5 frilled lizards
  A leopard gecko skeleton (D:6)
  5 rats
148 creatures vanquished.

Vanquished Creatures (others)
  A goblin (D:4)
1 creature vanquished.

Grand Total: 149 creatures vanquished

Notes
Turn   | Place    | Note
-------+----------+-------------------------------------------
     0 | D:1      | Hylith the Gnoll Necromancer began the quest for the Orb.
     0 | D:1      | Reached XP level 1. HP: 13/13 MP: 6/6
   133 | D:1      | Reached XP level 2. HP: 16/19 MP: 5/7
   280 | D:1      | Reached XP level 3. HP: 17/25 MP: 2/9
   293 | D:1      | Learned a level 3 spell: Regeneration
   297 | D:1      | Learned a level 3 spell: Vampiric Draining
   410 | D:1      | Reached skill level 5 in Spellcasting
   596 | D:2      | Reached skill level 1 in Invocations
   737 | D:2      | Reached skill level 1 in Fighting
   737 | D:2      | Reached skill level 1 in Short Blades
   737 | D:2      | Reached skill level 1 in Long Blades
   737 | D:2      | Reached skill level 1 in Axes
   737 | D:2      | Reached skill level 1 in Maces & Flails
   737 | D:2      | Reached skill level 1 in Polearms
   737 | D:2      | Reached skill level 1 in Staves
   737 | D:2      | Reached skill level 1 in Slings
   737 | D:2      | Reached skill level 1 in Bows
   737 | D:2      | Reached skill level 1 in Crossbows
   737 | D:2      | Reached skill level 1 in Throwing
   737 | D:2      | Reached skill level 1 in Armour
   737 | D:2      | Reached skill level 1 in Shields
   737 | D:2      | Reached skill level 1 in Unarmed Combat
   737 | D:2      | Reached skill level 1 in Evocations
   770 | D:2      | Reached XP level 4. HP: 18/32 MP: 7/11
  1215 | D:2      | Reached skill level 1 in Conjurations
  1215 | D:2      | Reached skill level 1 in Hexes
  1215 | D:2      | Reached skill level 1 in Charms
  1215 | D:2      | Reached skill level 1 in Summonings
  1215 | D:2      | Reached skill level 1 in Translocations
  1215 | D:2      | Reached skill level 1 in Transmutations
  1215 | D:2      | Reached skill level 1 in Fire Magic
  1215 | D:2      | Reached skill level 1 in Ice Magic
  1215 | D:2      | Reached skill level 1 in Air Magic
  1215 | D:2      | Reached skill level 1 in Earth Magic
  1215 | D:2      | Reached skill level 1 in Poison Magic
  1453 | D:3      | Reached XP level 5. HP: 22/37 MP: 0/12
  1793 | D:3      | Noticed an eye of draining
  1993 | D:3      | Killed an eye of draining
  1993 | D:3      | Reached XP level 6. HP: 44/44 MP: 1/13
  1999 | D:3      | Noticed an eye of draining
  2001 | D:3      | Noticed an eye of draining
  2084 | D:3      | Killed an eye of draining
  2084 | D:3      | Reached skill level 5 in Dodging
  2090 | D:3      | Found a bloodstained altar of Trog.
  2115 | D:3      | Killed an eye of draining
  2198 | D:4      | Found a staircase to the Ecumenical Temple.
  2210 | Temple   | Entered the Ecumenical Temple
  2232 | Temple   | Reached XP level 7. HP: 43/50 MP: 8/15
  2258 | Temple   | Became a worshipper of Warmaster Okawaru
  2311 | D:4      | Noticed Edmund
  2468 | D:2      | Found a white marble altar of Elyvilon.
  2511 | D:3      | Killed Edmund
  2829 | D:4      | Noticed Robin
  2856 | D:4      | Killed Robin
  2933 | D:4      | Reached skill level 5 in Stealth
  3057 | D:4      | Found a runed translucent door.
  3058 | D:4      | Noticed Crazy Yiuf
  3103 | D:4      | Killed Crazy Yiuf
  3103 | D:4      | Reached * piety under Okawaru
  3349 | D:5      | Entered Level 5 of the Dungeon
  3374 | D:5      | Reached XP level 8. HP: 17/57 MP: 16/16
  3469 | D:5      | Noticed Ijyb
  3495 | D:5      | Killed Ijyb
  3723 | D:5      | Found a glowing golden altar of the Shining One.
  3988 | D:5      | Reached ** piety under Okawaru
  4016 | D:5      | Found a shimmering altar of Xom.
  4618 | D:6      | Found a runed translucent door.
  4619 | D:6      | Found a shimmering altar of Xom.
  4619 | D:6      | Noticed Ratty's ghost (novice MiMo)
  4620 | D:6      | Noticed a +0 flail of chaos
  4645 | D:6      | Reached XP level 9. HP: 65/65 MP: 18/18
  4873 | D:7      | Noticed Joseph
  5015 | D:7      | Killed Joseph
  5219 | D:7      | Reached skill level 8 in Necromancy
  5230 | D:7      | Slain by a hog

Levels and vault maps discovered:
D:1:      eino_arrival_water_cross, layout_loops_ring
D:2:      lemuel_upstairs_altar, layout_basic, st_stairs_8
D:3:      layout_basic, trog_eyes_of_draining
D:4:      layout_basic, minmay_temple_entry_junction_2, first_ration,
          grunt_decor_fettered, kennysheep_another_room, minmay_snake_closets,
          uniq_robin, uniq_edmund, uniq_crazy_yiuf_cottage
D:5:      layout_rooms, nicolae_tso_swordbearing_angel, basic_altar, uniq_ijyb
D:6:      layout_loops_ring, ebering_ghost_xom
D:7:      layout_loops_ring, grunt_livestock, uniq_joseph
Temple:   kilobyte_greek_temple

Skill      XL: |  1  2  3  4  5  6  7  8  9 |
---------------+----------------------------+-----
Spellcasting   | 5 6 |  6.6
Invocations    | 1 2 3 4 |  4.6
Fighting       | 1 2 3 4 |  4.1
Short Blades   | 1 2 3 4 |  4.1
Long Blades    | 1 2 3 4 |  4.1
Axes           | 1 2 3 4 |  4.1
Maces & Flails | 1 2 3 4 |  4.1
Polearms       | 1 2 3 4 |  4.1
Staves         | 1 2 3 4 |  4.1
Slings         | 1 2 3 4 |  4.1
Bows           | 1 2 3 4 |  4.1
Crossbows      | 1 2 3 4 |  4.1
Throwing       | 1 2 3 4 |  4.1
Armour         | 1 2 3 4 |  4.1
Shields        | 1 2 3 4 |  4.1
Unarmed Combat | 1 2 3 4 |  4.1
Evocations     | 1 2 3 4 |  4.1
Conjurations   | 1 2 3 |  3.4
Hexes          | 1 2 3 |  3.4
Charms         | 1 2 3 |  3.4
Summonings     | 1 2 3 |  3.4
Translocations | 1 2 3 |  3.4
Transmutations | 1 2 3 |  3.4
Fire Magic     | 1 2 3 |  3.4
Ice Magic      | 1 2 3 |  3.4
Air Magic      | 1 2 3 |  3.4
Earth Magic    | 1 2 3 |  3.4
Poison Magic   | 1 2 3 |  3.4
Dodging        | 5 6 |  6.2
Stealth        | 5 6 |  6.0
Necromancy     | 8 |  8.0

Action                   |  1- 3 |  4- 6 |  7- 9 || total
-------------------------+-------+-------+-------++-------
Melee: Unarmed           |     1 |       |       ||     1
       Short sword       |    62 |    77 |       ||   139
       Bite              |     5 |    17 |    64 ||    86
       Whip              |       |    52 |   470 ||   522
       Punch             |       |     1 |       ||     1
Throw: Tomahawk          |     1 |     7 |       ||     8
 Cast: Pain              |    21 |     6 |     3 ||    30
       Vampiric Draining |     5 |    18 |    47 ||    70
       Regeneration      |       |       |     8 ||     8
  Use: Scroll            |       |       |     5 ||     5
 Stab: Sleeping          |     5 |     6 |     8 ||    19
       Distracted        |       |       |     1 ||     1
  Eat: Ration            |       |     3 |       ||     3
       Chunk             |       |     1 |    12 ||    13
Armor: Robe              |    13 |    12 |    55 ||    80
Dodge: Dodged            |    61 |    93 |   358 ||   512
Block: Buckler           |       |       |   109 ||   109

Table legend:
 A = Non-vault XP
 B = Vault XP
 C = Vault XP percentage of total XP
 D = Non-vault monster count
 E = Vault monster count
 F = Vault count percentage of total count
                 A         B        C        D         E       F
            +---------+---------+-------+---------+---------+-------
      Total |    1769 |    1602 |  47.5 |     114 |      34 |  23.0
            +---------+---------+-------+---------+---------+-------
        D:1 |      47 |       0 |   0.0 |      22 |       0 |   0.0
        D:2 |      77 |      15 |  16.3 |      23 |       2 |   8.0
        D:3 |     115 |     543 |  82.5 |      17 |       6 |  26.1
        D:4 |     134 |     163 |  54.9 |       7 |      22 |  75.9
        D:5 |     680 |      35 |   4.9 |      24 |       1 |   4.0
        D:6 |     582 |       0 |   0.0 |      16 |       0 |   0.0
        D:7 |      65 |     846 |  92.9 |       2 |       3 |  60.0
     Temple |      69 |       0 |   0.0 |       3 |       0 |   0.0
            +---------+---------+-------+---------+---------+-------
